 Dungeon Crawl Stone Soup version 0.27-a0-1071-ga85bd9520d (webtiles) character file.

Game seed: 10476724172008564766

991 sanka the Magician (level 8, -12/62 HPs)
             Began as a Djinni Summoner on Apr 24, 2021.
             Was an Initiate of Ashenzari.
             Mangled by a two-headed ogre
             ... wielding a +0 giant club
              (21 damage)
             ... on level 5 of the Dungeon.
             The game lasted 00:12:22 (8365 turns).

sanka the Magician (Djinni Summoner)                Turns: 8365, Time: 00:12:22

Health: -12/62     AC:  2    Str:  7    XL:     8   Next: 18%
Gold:   194        EV: 12    Int: 19    God:    Ashenzari [......] SH:  0 Dex: 14

rFire    + + .     SeeInvis .   q - +1 whip (elec)
rCold    x . .     Faith    .   (no shield)
rNeg     . . .     Spirit   .   a - +0 robe
rPois    ∞         Reflect  .   (no helmet)
rElec    .         Harm     .   (no cloak)
rCorr    .         Rampage  .   (no gloves)
Will     .....                  (boots unavailable)
Stlth    ++........             (no amulet)
HPRegen  0.20/turn              (no ring)
MPRegen  0.00/turn              (no ring)

@: flying
A: fire resistance 2, cold vulnerability 1, float, innate caster, hp casting,
extra vitality 1
a: Renounce Religion


You were on level 5 of the Dungeon.
You worshipped Ashenzari.
Ashenzari was noncommittal.
You visited 2 branches of the dungeon, and saw 6 of its levels.

You collected 194 gold pieces.


Innate Abilities, Weirdness & Mutations

You are immune to poison.
Your flesh is very heat resistant. (rF++)
You are vulnerable to cold. (rC-)
You float through the air rather than walking.
You learn spells naturally, not from books.
Your magical power is your life essence.
You have superior vitality. (+4 HP)


   Skills:
 + Level 6.4 Fighting
 - Level 2.1 Dodging
 - Level 1.5 Stealth
 + Level 6.5 Spellcasting


You couldn't memorise any spells.
You knew the following spells:

 Your Spells              Type           Power      Damage    Failure   Level
c - Call Canine Familiar  Summ           31%        N/A       2%          3
i - Ignite Poison         Fire/Tmut/Pois 31%        N/A       2%          3
u - Wereblood             Tmut           31%        N/A       1%          2
v - Summon Ice Beast      Ice/Summ       31%        N/A       7%          4
x - Summon Small Mammal   Summ           100%       N/A       1%          1
y - Call Imp              Summ           31%        N/A       1%          2
z - Shock                 Conj/Air       100%       1d9       1%          1
X - Summon Lightning Spi  Summ/Air       31%        N/A       7%          4
Z - Summon Guardian Gole  Hex/Summ       31%        N/A       2%          3
Your spell library was empty.

Inventory:

Hand Weapons
 f - a +0 dagger
 h - a +0 war axe
 q - a +1 whip of electrocution (weapon)
Missiles
 n - a throwing net {=f}
Armour
 a - a +0 robe (worn)
 r - a +0 buckler
Magical Staves
 m - a staff of cold
Wands
 l - a wand of digging (6)
Scrolls
 b - 2 scrolls of fear
 e - a scroll of vulnerability {!r}
 i - 2 scrolls of teleportation {@r4}
 j - a scroll of silence {!r}
 s - 3 scrolls of acquirement
 v - a scroll of immolation {!r}
Potions
 c - 2 potions of attraction {!q}
 d - 2 potions of curing {@q1}
 g - 2 potions of might
 o - a potion of heal wounds {@q2}
 p - a potion of berserk rage {!q}
 u - a potion of ambrosia
 w - a potion of haste {@q3}

Dungeon Overview and Level Annotations

Branches:
Dungeon (5/15)             Temple (1/1) D:5

Altars:
Ashenzari
Cheibriados
Dithmenos
Elyvilon
Fedhas
Gozag
Kikubaaqudgha
Makhleb
Nemelex Xobeh
Qazlal
Ru
Trog
Uskayaw
Vehumet
Wu Jian
Yredelemnul
Zin
The Shining One

▒.▒▒.▒...▒▒.▒ .▒▒≈≈▒. ..
▒▒(▒.▒.▒.▒▒.▒▒ ▒.▒ ≈≈▒ ▒.▒
▒▒....▒.▒▒..▒▒▒▒▒▒▒▒.▒▒≈.▒▒...
▒▒...▒.▒▒▒........<.. ≈....▒
▒▒▒...........▒▒▒▒▒▒▒.▒ ▒....▒
....▒▒...▒▒...▒ ▒▒▒▒▒.▒▒▒.▒..▒▒▒.
.▒..▒▒...▒▒...▒ ▒r.Y.............
.............▒▒▒▒O▒▒▒....(..!....
▒....).>....▒)[[R.▒ ▒▒▒▒▒.▒.▒▒▒▒.
.............▒▒▒▒▒▒ ▒.▒ ▒
[▒▒.▒▒...▒▒..▒ ▒.▒ .▒▒.▒▒...▒▒..▒
▒.. [▒▒..........▒ ▒..
.▒▒..▒▒▒.▒▒▒.▒ ..≈≈ .▒▒▒.▒ ▒.▒
▒.▒ ..≈≈ .▒ ▒.▒ ▒>▒ ▒.. .▒ ▒.▒ ..
...


You could see a two-headed ogre (ally target), a friendly ice beast (summoned)
and a friendly quokka (summoned).


Message History

Send 'em back where they came from!
A chill wind blows around you.
The two-headed ogre hits your ice beast with a +0 giant club!!
The two-headed ogre hits your ice beast with a +0 giant club!
Your ice beast dies!
Your ice beast hits the nameless horror.
Your ice beast freezes the nameless horror!
The nameless horror is destroyed!
Your ice beast barely misses the two-headed ogre.
A chill wind blows around you.
The two-headed ogre hits your ice beast with a +0 giant club!!
The two-headed ogre hits your ice beast with a +0 giant club.
Your ice beast hits the two-headed ogre but does no damage.
Your ice beast hits the two-headed ogre but does no damage.
Your ice beast hits the two-headed ogre.
Your ice beast freezes the two-headed ogre!
The two-headed ogre hits your ice beast with a +0 giant club!
Your ice beast dies!
Your ice beast hits the two-headed ogre.
Your ice beast freezes the two-headed ogre!
Your ice beast hits the two-headed ogre.
Your ice beast freezes the two-headed ogre!
Your ice beast closely misses the two-headed ogre.
Your ice beast barely misses the two-headed ogre.
Your magical contamination has completely faded away.
You see here a +0 hand axe.
The two-headed ogre hits you with a +0 giant club!!
* * * LOW HITPOINT WARNING * * *
The two-headed ogre hits you with a +0 giant club!!
You die...

Action                   |  1- 3 |  4- 6 |  7- 9 || total
-------------------------+-------+-------+-------++-------
Melee: Unarmed           |   121 |       |       ||   121
       Dagger            |     2 |       |       ||     2
       Whip              |       |       |    13 ||    13
 Cast: Summon Small Mamm |    18 |       |     1 ||    19
       Call Imp          |    15 |       |       ||    15
       Shock             |    39 |   139 |    83 ||   261
       Summon Ice Beast  |       |     2 |     4 ||     6
       Summon Guardian G |       |     1 |     1 ||     2
Armor: Robe              |    53 |     6 |     2 ||    61
Dodge: Dodged            |   110 |    17 |    21 ||   148

Levels and vault maps discovered:
D:1:      dpeg_arrival_water_temple_mockup, layout_loops_corners,
          hellmonk_ecumenical_altar_prayer_group, st_stairs_2,
          serial_bayou_pond_c
D:2:      layout_rooms
D:3:      layout_rooms, minmay_ruptured
D:4:      layout_basic, nicolae_ru_great_annihilating_truth,
          lemuel_crystal_altar
D:5:      layout_loops_ring, nemelex_dance_club_becter, kennysheep_mini,
          minmay_temple_entry_stoned_glass, grunt_decor_arrowhead,
          chequers_serial_rivers_large_b, minivault_14
Temple:   nicolae_temple_great_sept

Notes
Turn   | Place    | Note
-------+----------+-------------------------------------------
     0 | D:1      | sanka the Djinni Summoner began the quest for the Orb.
     0 | D:1      | Reached XP level 1. HP: 15/15 MP: 0/0
   555 | D:1      | Reached skill level 1 in Fighting
   555 | D:1      | Reached XP level 2. HP: 15/22 MP: 0/0
  2309 | D:1      | Found a faded altar of an unknown god.
  2414 | D:2      | HP: 2/22 [frozen (4)]
  2425 | D:2      | Reached skill level 4 in Spellcasting
  2425 | D:2      | Reached XP level 3. HP: 2/27 MP: 0/0
  2425 | D:2      | Learned a level 1 spell: Shock
  2918 | D:2      | Reached skill level 2 in Fighting
  3641 | D:2      | Reached XP level 4. HP: 24/34 MP: 0/0
  4018 | D:3      | Reached skill level 3 in Fighting
  4018 | D:3      | Reached XP level 5. HP: 37/40 MP: 0/0
  4018 | D:3      | Learned a level 2 spell: Wereblood
  4882 | D:4      | Identified the +3 rapier of Sokkosiaci {pain, +Rage rF+}
  4984 | D:4      | Found a sacrificial altar of Ru.
  5233 | D:4      | Reached XP level 6. HP: 43/47 MP: 0/0
  5238 | D:4      | Reached skill level 5 in Spellcasting
  5322 | D:4      | Reached skill level 4 in Fighting
  5558 | D:4      | Found a blossoming altar of Fedhas.
  6241 | D:4      | Reached skill level 5 in Fighting
  6241 | D:4      | Reached XP level 7. HP: 37/54 MP: 0/0
  6241 | D:4      | Learned a level 3 spell: Ignite Poison
  6737 | D:5      | Entered Level 5 of the Dungeon
  6759 | D:5      | HP: 5/54 [wyvern skeleton (12)]
  7046 | D:5      | Reached skill level 6 in Spellcasting
  7051 | D:5      | Found a staircase to the Ecumenical Temple.
  7150 | Temple   | Entered the Ecumenical Temple
  7239 | Temple   | Became a worshipper of Ashenzari the Shackled
  7239 | Temple   | Identified 3 scrolls of acquirement
  7483 | D:5      | Noticed a two-headed ogre
  7929 | D:5      | Found an ornate altar of the Wu Jian Council.
  7949 | D:5      | Reached skill level 6 in Fighting
  7955 | D:5      | Reached XP level 8. HP: 30/61 MP: 0/0
  8294 | D:5      | Found a sparkling altar of Nemelex Xobeh.
  8365 | D:5      | Mangled by a two-headed ogre

Vanquished Creatures
  An ogre (D:5)
  3 scorpions
  A wyvern skeleton (D:5)
  2 bullfrog zombies
  A hound (D:2)
  An orc priest (D:5)
  2 iguanas
  A bullfrog skeleton (D:5)
  7 orc wizards
  A hound skeleton (D:4)
  12 adders
  An ufetubus (D:4)
  3 adder skeletons (D:4)
  4 worms
  A dart slug (D:1)
  17 orcs
  3 ball pythons
  8 endoplasms
  2 giant cockroaches
  7 goblins
  3 hobgoblins
  7 jackals
  5 quokkas
  5 bats
  4 frilled lizards
  2 kobolds
  3 rats
107 creatures vanquished.

Vanquished Creatures (collateral kills)
  A nameless horror (D:5)
  An orc priest (D:4)
  An orc wizard (D:4)
  A worm (D:2)
  2 ball pythons (D:1)
  4 endoplasms
  A giant cockroach (D:1)
  2 goblins (D:1)
  2 hobgoblins (D:1)
  5 bats (D:1)
  2 frilled lizards
  2 rats (D:1)
24 creatures vanquished.

Vanquished Creatures (others)
  An orc wizard (D:5)
1 creature vanquished.

Grand Total: 132 creatures vanquished
